 Dungeon Crawl Stone Soup version 0.28.0-1-gb440e238dd (webtiles) character file.

Game seed: 6141768842316187132

2062 spaghetti the Twirler (level 9, -4/63 HPs)
             Began as a Demonspawn Fighter on Feb 20, 2022.
             Was a Priest of Dithmenos.
             Slain by a killer bee (5 damage)
             ... on level 8 of the Dungeon.
             The game lasted 00:09:31 (7663 turns).

spaghetti the Twirler (Demonspawn Fighter)          Turns: 7663, Time: 00:09:33

Health: -4/63      AC: 31    Str: 21    XL:     9   Next: 5%
Magic:  18/18      EV:  6    Int: 13    God:    Dithmenos [***...]
Gold:   338        SH:  4    Dex: 12    Spells: 4/8 levels left

rFire   . . .      SeeInvis .   q - +2 lajatang (elec)
rCold   . . .      Faith    .   (shield currently unavailable)
rNeg    . . .      Spirit   .   h - +8 orange crystal plate armour {Archmagi, Int+3 Clar}
rPois   .          Reflect  .   n - +2 hat
rElec   .          Harm     .   (no cloak)
rCorr   .          Rampage  .   t - +0 pair of gloves
Will    .....      Archmagi +   i - +0 pair of boots
Stlth   .......... Clarity  +   (no amulet)
HPRegen 0.20/turn               l - ring of magical power
MPRegen 0.16/turn               c - +4 ring of evasion

@: slowed, wreathed by umbra, very slow
A: icemail 1, powered by pain 1, condensation shield, weakness stinger 2
a: Renounce Religion, Shadow Step


You were on level 8 of the Dungeon.
You worshipped Dithmenos.
Dithmenos was most pleased with you.
You visited 1 branch of the dungeon, and saw 8 of its levels.

You collected 338 gold pieces.

Inventory:

Hand Weapons
 q - a +2 lajatang of electrocution (weapon)
Missiles
 o - 9 poisoned darts (quivered)
Armour
 b - a +0 scale mail
 h - the +8 orange crystal plate armour (worn) {Archmagi, Int+3 Clar}
   (You found it on level 7 of the Dungeon)

   Int:       It affects your intelligence (+3).
   Clar:      It protects you against confusion.
 i - a +0 pair of boots (worn)
 m - the +0 robe "Lyrom" {rElec rC+ Str+4 Int+3}
   (You found it on level 2 of the Dungeon)

   Str:       It affects your strength (+4).
   Int:       It affects your intelligence (+3).
   rC:        It protects you from cold.
   rElec:     It insulates you from electricity.
 n - a +2 hat (worn)
 t - a +0 pair of gloves (worn)
Jewellery
 c - a +4 ring of evasion (right hand)
 l - a ring of magical power (left hand)
Wands
 j - a wand of flame (13)
Scrolls
 a - a scroll of enchant armour
 e - a scroll of amnesia
 g - a scroll of torment
 k - 2 scrolls of identify
 s - 2 scrolls of noise


   Skills:
 - Level 3.0 Fighting
 - Level 6.4 Long Blades
 + Level 7.8 Staves
 - Level 2.7 Armour
 - Level 2.7 Shields
 - Level 2.0 Necromancy
 - Level 2.6 Air Magic
 - Level 2.0 Poison Magic


You had 4 spell levels left.
You knew the following spells:

 Your Spells              Type           Power      Damage    Failure   Level
a - Corpse Rot            Necr/Air       18%        N/A       100%        2
b - Poisonous Vapours     Pois/Air       18%        N/A       100%        2

Your spell library contained the following spells:

 Spells                   Type           Power      Damage    Failure   Level
 Apportation              Tloc           0%         N/A       100%        1
 Beastly Appendage        Tmut           0%         N/A       100%        1
 Sandblast                Erth           0%         2d4       100%        1
 Shock                    Conj/Air       20%        1d4       100%        1
 Passwall                 Tmut/Erth      0%         N/A       100%        2
 Wereblood                Tmut           0%         N/A       100%        2
 Spider Form              Tmut/Pois      3%         N/A       100%        3
 Stone Arrow              Conj/Erth      0%         3d7       100%        3
 Summon Guardian Golem    Hex/Summ       0%         N/A       100%        3
 Swiftness                Air            10%        N/A       100%        3
 Airstrike                Air            5%         N/A       100%        4
 Fulminant Prism          Conj/Hex       0%         3d6       100%        4
 Iron Shot                Conj/Erth      0%         9d1       100%        6
 Orb of Destruction       Conj           0%         9d5       100%        7
 Spellforged Servitor     Conj/Summ      0%         N/A       100%        7
 Chain Lightning          Conj/Air       2%         3d3       100%        9


Dungeon Overview and Level Annotations

Branches:
Dungeon (8/15)             Temple (0/1) D:6
   Lair: D:8-11

Altars:
Dithmenos


Innate Abilities, Weirdness & Mutations

A meltable icy envelope protects you from harm. (AC +4)
You sometimes gain a little power by taking damage.
A meltable shield of frost defends you. (SH +4)
You have a tail ending in a sharp stinger.


Message History

The orc wizard flickers and vanishes!
Deactivating autopickup; reactivate with Ctrl-A.
The orc warrior hits you from afar with a +0 trident!
* * * LOW HITPOINT WARNING * * *
The killer bee stings you but does no damage.
The kobold hits you but does no damage. x3
The orc warrior hits you from afar with a +0 trident.
* * * LOW HITPOINT WARNING * * *
Unknown command.
Unknown command.
Unknown command.
You slash the kobold!
You kill the kobold!
Dithmenos accepts your kill.
You feel sick.
The black mamba changes into a wind drake!
The killer bee closely misses you. You block the killer bee's attack.
The kobold unwields a +0 hand crossbow.
The kobold wields a +0 dagger.
The kobold hits you but does no damage. The kobold barely misses you.
The killer bee stings you but does no damage.
The kobold hits you but does no damage. x2
The orc warrior hits you but does no damage.
A gnoll sergeant comes into view. It is wielding a +0 spear.
The kobold hits you but does no damage.
Unknown command.
Unknown command.
You slash the kobold!
You kill the kobold!
Dithmenos accepts your kill.
You feel sick.
You are no longer poisoned.
The killer bee completely misses you. The killer bee closely misses you.
The kobold hits you but does no damage.
A howler monkey zombie comes into view.
The kobold completely misses you.
The orc warrior hits you from afar with a +0 trident.
* * * LOW HITPOINT WARNING * * *
The wind drake begins repelling missiles!
The killer bee stings you.
You die... ##.
Z# #.. .# #.. .. ## #.. g#..g ... #.. k{.c ... #.. #Oo

##### #..
#..#y####...#### #..
#.K@##...).....###..
#.KK)....##.........
#...................
###########......)..
##.......# ###......
#[...... ##.<....
#......


You could see a wind drake shaped shifter (repels missiles), a two-headed ogre,
an orc warrior, a gnoll sergeant, a centaur, a gnoll shaman, a killer bee, a
howler monkey zombie and 3 kobolds.

Vanquished Creatures
  A water moccasin (D:6)
  An ice beast (D:6)
  4 centaurs
  2 ogres
  A phantom (D:4)
  A kobold brigand (D:8)
  A wyvern zombie (D:6)
  2 scorpions
  A water moccasin zombie (D:6)
  5 killer bees
  3 wights (D:7)
  3 hounds
  2 bullfrog skeletons
  2 jellies
  A scorpion zombie (D:5)
  4 iguanas
  2 orc wizards
  A hound skeleton (D:4)
  3 gnolls (D:5)
  A howler monkey skeleton (D:4)
  5 adders
  2 shadow imps
  2 white imps
  An adder skeleton (D:2)
  6 dart slugs
  15 orcs
  5 bats
  10 endoplasms
  10 goblins
  8 hobgoblins
  2 jackals (D:4)
  13 kobolds
  4 quokkas
  7 ball pythons
  2 frilled lizards
  A goblin zombie (D:6)
  A quokka zombie (D:6)
  9 rats
144 creatures vanquished.

Notes
Turn   | Place    | Note
-------+----------+-------------------------------------------
     0 | D:1      | spaghetti the Demonspawn Fighter began the quest for the
                  | Orb.
     0 | D:1      | Reached XP level 1. HP: 18/18 MP: 1/1
    46 | D:1      | Found a faded altar of an unknown god.
    61 | D:1      | Gained mutation: A meltable shield of frost defends you.
                  | (SH +4) [demonic ancestry]
    61 | D:1      | Reached XP level 2. HP: 3/24 MP: 2/2
   320 | D:1      | Got Plato's Tome of Orientation
   321 | D:1      | Prayed at the altar of an unknown god.
   321 | D:1      | Became a worshipper of Dithmenos the Shadowed
   321 | D:1      | Reached * piety under Dithmenos
  1106 | D:2      | Reached XP level 3. HP: 22/29 MP: 3/3
  1294 | D:2      | Reached ** piety under Dithmenos
  1365 | D:2      | Gained mutation: A meltable icy envelope protects you from
                  | harm. (AC +4) [demonic ancestry]
  1365 | D:2      | Reached XP level 4. HP: 35/35 MP: 4/4
  1947 | D:2      | Identified the +0 robe "Lyrom" {rElec rC+ Str+4 Int+3}
  3113 | D:4      | Reached XP level 5. HP: 36/41 MP: 5/5
  3166 | D:4      | Noticed a phantom
  3177 | D:4      | Killed a phantom
  3178 | D:4      | Reached skill level 5 in Long Blades
  3347 | D:4      | Gained mutation: You sometimes gain a little power by
                  | taking damage. [demonic ancestry]
  3347 | D:4      | Reached XP level 6. HP: 44/47 MP: 6/6
  3375 | D:4      | Learned a level 2 spell: Corpse Rot
  3378 | D:4      | Learned a level 2 spell: Poisonous Vapours
  3426 | D:4      | Reached *** piety under Dithmenos
  3769 | D:4      | Reached skill level 1 in Necromancy
  4030 | D:5      | Entered Level 5 of the Dungeon
  4081 | D:5      | Reached skill level 1 in Air Magic
  4081 | D:5      | Reached skill level 1 in Poison Magic
  4311 | D:5      | Gained mutation: You have a small tail. [demonic ancestry]
  4311 | D:5      | Reached XP level 7. HP: 50/52 MP: 7/7
  5040 | D:6      | Reached skill level 1 in Staves
  5076 | D:6      | Reached skill level 2 in Staves
  5121 | D:6      | Found a staircase to the Ecumenical Temple.
  5179 | D:6      | Reached skill level 3 in Staves
  5288 | D:6      | Reached XP level 8. HP: 48/58 MP: 8/8
  5376 | D:6      | Reached skill level 4 in Staves
  5853 | D:7      | Reached skill level 5 in Staves
  6274 | D:8      | Got the Catalogue of Attacks
  6312 | D:6      | Reached skill level 6 in Staves
  7026 | D:5      | Reached skill level 7 in Staves
  7259 | D:7      | Found the +8 orange crystal plate armour {Archmagi, Int+3
                  | Clar}
  7488 | D:7      | Gained mutation: You have a tail ending in a sharp stinger.
                  | [demonic ancestry]
  7488 | D:7      | Reached XP level 9. HP: 52/63 MP: 9/9
  7658 | D:8      | Noticed a two-headed ogre
  7659 | D:8      | Noticed a black mamba
  7662 | D:8      | Noticed a wind drake
  7662 | D:8      | a black mamba changed into a wind drake
  7663 | D:8      | HP: 1/63 [orc warrior (3)]
  7663 | D:8      | Slain by a killer bee

Illustrated notes

Levels and vault maps discovered:
D:1:      wander_arrival_desolate, layout_loops_ring,
          shapermc_ecumenical_altar_rom_forum, minmay_surrounded
D:2:      minmay_spotlight, layout_basic, minmay_pentomino_u4
D:3:      layout_basic, chequers_serial_rivers_small_b
D:4:      layout_basic, minivault_23
D:5:      layout_cave_pools
D:6:      layout_cave_pods, minmay_temple_entry_statues_fountains,
          enter_ossuary_4, chequers_mini_garden
D:7:      layout_basic, minivault_5, uniq_menkaure
D:8:      kennysheep_seaside_town, layout_cave_pools,
          mainiacjoe_overflow_alcove_1, serial_shops, shop,
          minmay_pinched_square

Skill      XL: |  1  2  3  4  5  6  7  8 |
---------------+-------------------------+-----
Long Blades    | 2 3 4 5 6 |  6.4
Necromancy     | 2 |  2.0
Air Magic      | 1 2 |  2.6
Poison Magic   | 1 2 |  2.0
Staves         | 3 7 |  7.8
Fighting       | |  3.0
Armour         | |  2.7
Shields        | |  2.7

Action                   |  1- 3 |  4- 6 |  7- 9 || total
-------------------------+-------+-------+-------++-------
Melee: Long sword        |   105 |   197 |    28 ||   330
       Lajatang          |       |       |   125 ||   125
       Tailslap          |       |       |    25 ||    25
Invok: Shadow Step       |       |       |     1 ||     1
  Use: Potion            |     2 |       |     9 ||    11
       Scroll            |       |     4 |     8 ||    12
 Stab: Sleeping          |       |     2 |     1 ||     3
Armor: Scale mail        |    31 |     6 |       ||    37
       Robe              |       |    54 |    36 ||    90
       Crystal plate arm |       |       |    70 ||    70
Dodge: Dodged            |    42 |    98 |   130 ||   270
Block: Buckler           |    46 |    74 |     7 ||   127
       Other             |       |       |    25 ||    25
